 Dungeon Crawl Stone Soup version 0.31-a0-564-g3b7de120b3 (webtiles) character file.

Game seed: 17923771235930225697

362 Rohain the Changeling (level 6, 0/47 HPs)
             Began as a Demonspawn Shapeshifter on Aug 17, 2023.
             Was an Initiate of Okawaru.
             Slain by a black bear (1 damage)
             ... on level 5 of the Dungeon.
             The game lasted 00:05:53 (2645 turns).

Rohain the Changeling (Demonspawn Shapeshifter)     Turns: 2645, Time: 00:05:53

Health: 0/47       AC:  9    Str: 17    XL:     6   Next: 39%
Magic:  6/6        EV: 12    Int: 10    God:    Okawaru [......]
Gold:   211        SH:  0    Dex: 13    Spells: 5/5 levels left

rFire   . . .        k - +8 trident of the Octopus King {venom, rElec rPois}
rCold   . . .        (no shield)
rNeg    . . .        a - +1 animal skin
rPois   +            (helmet currently unavailable)
rElec   +            (cloak currently unavailable)
rCorr   .            (gloves currently unavailable)
SInv    .            (boots currently unavailable)
Will    .....        (no amulet)
Stlth   +            f - ring of poison resistance
HPRegen 0.27/turn    (no ring)
MPRegen 0.10/turn

%: no passive effects
@: confused, beast-form, sanguine armoured
A: beast (slay +2), antennae 1, sanguine armour 1
a: Begin Untransformation, Renounce Religion


You were on level 5 of the Dungeon.
You worshipped Okawaru.
Okawaru was noncommittal.
You were a hulking beast.
You visited 2 branches of the dungeon, and saw 6 of its levels.

You collected 211 gold pieces.

Inventory:

Hand Weapons
 e - the +10 dagger of Conscience {speed, Will+ Str+4}
   (You found it on level 2 of the Dungeon)

   Str+4:     It affects your strength (+4).
   Will+:     It increases your willpower.
 h - the +10 quarterstaff "Cuymirag" {freeze, rF- rN++ Int+3}
   (You found it on level 1 of the Dungeon)

   Int+3:     It affects your intelligence (+3).
   rF-:       It makes you vulnerable to fire.
   rN++:      It greatly protects you from negative energy.
 k - the +8 trident of the Octopus King (weapon) {venom, rElec rPois}
   (You found it on level 3 of the Dungeon)

   rElec:     It insulates you from electricity.
   rPois:     It protects you from poison
Armour
 a - a +1 animal skin (worn)
Jewellery
 f - a ring of poison resistance (left hand)
Talismans
 c - a beast talisman (active)
 d - a flux talisman
Scrolls
 g - a scroll of butterflies
 m - 2 scrolls of teleportation
 p - 2 scrolls of immolation {unknown}
 q - 2 scrolls of identify
 r - a scroll of torment {unknown}
Potions
 b - a potion of lignification
 i - a potion of might {unknown}
 j - 4 potions of heal wounds {unknown}
 l - a potion of magic {unknown}
 n - a potion of resistance {unknown}
 o - a potion of cancellation {unknown}
 s - a potion of enlightenment {unknown}


   Skills:
 + Level 3.0 Fighting
 - Level 0.5 Short Blades
 + Level 1.5 Polearms
 + Level 3.0 Dodging
 + Level 3.7 Unarmed Combat
 * Level 3.8 Shapeshifting


You had 5 spell levels left.
You didn't know any spells.
Your spell library contained the following spells:

 Spells                   Type           Power      Damage    Failure   Level
 Magic Dart               Conj           0%         1d3       36%         1
 Mephitic Cloud           Conj/Pois/Air  0%         N/A       75%         3
 Borgnjor's Vile Clutch   Necr/Erth      0%         N/A       100%        5
 Call Imp                 Summ           Unusable   N/A       N/A         2
 Animate Dead             Necr           Unusable   N/A       N/A         4
 Death Channel            Necr           Unusable   N/A       N/A         6

Dungeon Overview and Level Annotations

Branches:
Dungeon (5/15)             Temple (1/1) D:4

Altars:
Ashenzari
Cheibriados
Fedhas
Hepliaklqana
Kikubaaqudgha
Makhleb
Nemelex Xobeh
Okawaru
Qazlal
Ru
Sif Muna
Trog
Uskayaw
Vehumet
Wu Jian
Xom
Yredelemnul

Annotations:
D:4 1 runed translucent door, bchevrier's ghost, amateur GnWn


Innate Abilities, Weirdness & Mutations

You are a hulking beast.
Your limbs bulge with bestial killing power. (Slay +2)
You have a pair of small antennae on your head.
When seriously injured, your blood forms armour. (AC +6)


Message History

You're too confused to move!
You feel less confused. The black bear closely misses you.
The black bear claws you but does no damage. x2
The orc wizard closely misses you.
You closely miss the black bear.
The black bear is severely wounded.
The orc wizard complains to no one in particular.
The orc wizard gestures at you while chanting.
You are confused.
The black bear closely misses you.
The black bear claws you but does no damage.
The black bear closely misses you.
You're too confused to move!
The orc wizard hits you but does no damage.
The black bear bites you.
The black bear claws you but does no damage. x2
You barely miss the black bear.
The black bear is severely wounded.
The orc wizard hits you but does no damage.
The black bear goes berserk!
The orc wizard closely misses you. The black bear bites you!
* * * LOW HITPOINT WARNING * * *
The black bear claws you but does no damage. x2
You're too confused to move!
The black bear bites you!
* * * LOW HITPOINT WARNING * * *
The black bear claws you.
* * * LOW HITPOINT WARNING * * *
The black bear closely misses you.
The orc wizard hits you but does no damage.
Unknown command.
You bump into the rock wall.
The black bear bites you but does no damage.
The black bear barely misses you. The black bear misses you.
The orc wizard hits you but does no damage.
The black bear barely misses you. The black bear claws you.
* * * LOW HITPOINT WARNING * * *
The black bear claws you but does no damage.
You bump into the rock wall.
The black bear bites you.
You die...

#....#....#####..
##...#.#..#####.
#...#..<.......
##....#########
###.#####
#.......#####
#..##.......#
##..#.h###...#
........h.#...#
##....###o###.#
#[...#..:..#.#
##...###.###.#
##....#.# .#
#.#..### # #.#..
... ####


You could see a black bear (berserk, very poisoned) and an orc wizard.

Vanquished Creatures
  Sigmund (D:3)
  An orc priest (D:4)
  2 orc wizards
  A sleepcap (D:3)
  2 adders (D:2)
  A dart slug (D:1)
  3 orcs
  9 ball pythons
  3 endoplasms
  2 giant cockroaches
  7 hobgoblins
  6 jackals
  10 kobolds
  4 quokkas
  6 bats
  2 frilled lizards
  4 goblins
  3 rats
67 creatures vanquished.

Notes
Turn   | Place    | Note
-------+----------+-------------------------------------------
     0 | D:1      | Rohain the Demonspawn Shapeshifter began the quest for the
                  | Orb.
     0 | D:1      | Reached XP level 1. HP: 15/15 MP: 1/1
   170 | D:1      | Found a faded altar of an unknown god.
   209 | D:1      | Gained mutation: When seriously injured, your blood forms
                  | armour. (AC +6) [demonic ancestry]
   209 | D:1      | Reached XP level 2. HP: 12/21 MP: 2/2
   270 | D:1      | Identified the +10 quarterstaff "Cuymirag" {freeze, rF-
                  | rN++ Int+3}
   544 | D:1      | Reached XP level 3. HP: 24/27 MP: 3/3
   821 | D:2      | Identified the +10 dagger of Conscience {speed, Will+
                  | Str+4}
   975 | D:2      | You fall into a shaft and drop 2 floors!
  1007 | D:3      | Found the +8 trident of the Octopus King {venom, rElec
                  | rPois}
  1014 | D:3      | Reached XP level 4. HP: 18/33 MP: 4/4
  1619 | D:3      | Noticed Sigmund
  1628 | D:3      | Killed Sigmund
  1629 | D:3      | Reached skill level 1 in Polearms
  1629 | D:3      | Reached XP level 5. HP: 34/40 MP: 5/5
  2008 | D:4      | Found a staircase to the Ecumenical Temple.
  2032 | D:4      | Found a runed translucent door.
  2050 | Temple   | Entered the Ecumenical Temple
  2079 | Temple   | Became a worshipper of Warmaster Okawaru
  2114 | D:4      | Gained mutation: You have a pair of small antennae on your
                  | head. [demonic ancestry]
  2114 | D:4      | Reached XP level 6. HP: 46/46 MP: 6/6
  2293 | D:4      | Found a broken altar of Ashenzari.
  2396 | D:4      | Noticed bchevrier's ghost (amateur GnWn)
  2591 | D:5      | Entered Level 5 of the Dungeon
  2643 | D:5      | HP: 2/47 [black bear (7)]
  2645 | D:5      | Slain by a black bear

Illustrated notes

Levels and vault maps discovered:
D:1:      psy_arrival_whirlpool, layout_basic, basic_ecumenical_altar,
          st_stairs_3, dk_noncrumbling_3
D:2:      layout_basic, hangedman_decor_growths
D:3:      layout_loops_corners, supply_closet_lemuel, uniq_sigmund
D:4:      layout_rooms, marbit_many_paths, temple_fountains, serial_aquarium,
          aquarium_bridge_square [aquarium_subvault_bridge,
          aquarium_subvault_wall, aquarium_subvault_bridge,
          aquarium_subvault_wall], aquarium_window_1, aquarium_window_fake,
          aquarium_window_3, aquarium_view_2a, ebering_ghost_reflecting_pool
D:5:      layout_loops_cross, minmay_fountain_box,
          minmay_a_box_with_orc_wizards_in_it
Temple:   compressed_dpeg_triangle_lava_temple

Skill      XL: |  1  2  3  4  5  6 |
---------------+-------------------+-----
Dodging        | 2 3 |  3.0
Unarmed Combat | 3 |  3.7
Shapeshifting  | 3 |  3.8
Fighting       | 2 3 |  3.0
Polearms       | 1 |  1.5
Short Blades   | |  0.5

Action                     |  1- 3 |  4- 6 || total
---------------------------+-------+-------++-------
  Melee: Unarmed           |    23 |       ||    23
         Quarterstaff      |    31 |       ||    31
         Dagger            |    23 |     3 ||    26
         Trident           |       |    54 ||    54
         Punch             |       |     2 ||     2
    Use: Scroll            |     3 |     4 ||     7
   Stab: Sleeping          |       |     3 ||     3
 Armour: Animal skin       |    10 |    23 ||    33
  Dodge: Dodged            |    34 |    36 ||    70
   Form: Beast             |     1 |       ||     1
         Flux              |     1 |       ||     1

Table legend: (Time is in decaauts)
 A = Elapsed time spent in this place.
 B = Non-inter-level travel time spent in this place.
 C = Inter-level travel time spent in this place.
 D = Time resting spent in this place.
 E = Time spent auto-exploring this place.
 F = Levels seen in this place.
 G = Mean time per level.
                   A        B        C        D        E       F      G
               +--------+--------+--------+--------+--------+-----+--------+
         Total |   2659 |   2563 |     96 |     26 |   2013 |   6 |  443.2 |
       Dungeon |   2623 |   2530 |     93 |     26 |   2013 |   5 |  524.6 |
        Temple |     35 |     32 |      3 |      0 |      0 |   1 |   35.0 |
               +--------+--------+--------+--------+--------+-----+--------+

Top non-repeatable levels by time:
     D:3: 1032 daAuts
     D:1: 749 daAuts
     D:4: 559 daAuts
     D:2: 227 daAuts
     D:5: 55 daAuts
  Temple: 35 daAuts
